 Dungeon Crawl Stone Soup version 0.31.0-32-g396128a36d (webtiles) character file.

Game seed: 8647360567322689165

869 Marvel the Cleaver (level 8, -2/69 HPs)
             Began as a Hill Orc Fighter on Mar 24, 2024.
             Slain by a hornet (8 damage)
             ... on level 4 of the Dungeon on Mar 25, 2024.
             The game lasted 00:03:33 (2518 turns).

Marvel the Cleaver (Hill Orc Fighter)               Turns: 2518, Time: 00:03:33

Health: -2/69      AC:  7    Str: 21    XL:     8   Next: 3%
Magic:  8/8        EV: 10    Int:  8    God:
Gold:   122        SH:  5    Dex: 16    Spells: 7/7 levels left

rFire   . . .        a - +0 war axe
rCold   . . .        c - +0 buckler
rNeg    . . .        b - +0 scale mail
rPois   .            (no helmet)
rElec   .            (no cloak)
rCorr   .            (no gloves)
SInv    .            (no boots)
Will    .....        (no amulet) Stlth
                     f - +6 ring of dexterity
HPRegen 0.31/turn    (no ring)
MPRegen 0.11/turn

%: no passive effects
@: lethally poisoned (-2 -> -17), slowed, very slow
A: no striking features
a: no special abilities


You were on level 4 of the Dungeon.
You visited 1 branch of the dungeon, and saw 4 of its levels.

You collected 122 gold pieces.

Inventory:

Hand Weapons
 a - a +0 war axe (weapon)
Armour
 b - a +0 scale mail (worn)
 c - a +0 buckler (worn)
Jewellery
 f - a +6 ring of dexterity (left hand)
 l - a ring of poison resistance
Wands
 j - a wand of charming (6)
Scrolls
 e - a scroll of brand weapon {unknown}
 g - a scroll of vulnerability {unknown}
 h - a scroll of amnesia {unknown}
 i - 3 scrolls of identify {unknown}
Potions
 d - a potion of curing
 k - a potion of mutation {unknown}


   Skills:
 + Level 5.5 Fighting
 + Level 8.1 Axes
 + Level 5.4 Armour
 + Level 1.6 Dodging
 + Level 0.4 Stealth
 + Level 4.4 Shields


You had 7 spell levels left.
You didn't know any spells.
Your spell library contained the following spells:

 Spells                   Type           Power      Damage    Failure   Level
 Ensorcelled Hibernation  Hex/Ice        0%         N/A       90%         2
 Mercury Vapours          Alch/Air       0%         N/A       90%         2
 Fugue of the Fallen      Necr           0%         N/A       99%         3
 Mephitic Cloud           Conj/Alch/Air  0%         N/A       99%         3
 Anguish                  Hex/Necr       0%         N/A       100%        4
 Freezing Cloud           Conj/Ice/Air   0%         6-21      100%        5


Dungeon Overview and Level Annotations

Branches:
Dungeon (4/15)
 Temple: D:4-7

Altars:
Yredelemnul

Shops:
D:2 [


Message History

A quokka comes into view.
The hornet misses you.
You slash the hornet!
The hornet is moderately wounded.
The hornet stings you!
You feel yourself slow down.
The hornet stings you but does no damage.
You hit the hornet but do no damage.
The hornet is moderately wounded.
The hornet closely misses you. The hornet stings you.
You feel as though you will be slow longer.
You closely miss the hornet.
The hornet is moderately wounded.
The hornet stings you.
You feel as though you will be slow longer.
The hornet stings you!
You feel as though you will be slow longer.
The hornet stings you!
You are poisoned.
You feel as though you will be slow longer.
You are too injured to fight recklessly!
You are too injured to fight recklessly!
It was a potion of curing.
You feel better. The hornet barely misses you. The hornet stings you!
You are poisoned.
You feel as though you will be slow longer.
You feel better. The hornet stings you.
You feel as though you will be slow longer.
The hornet barely misses you.
You closely miss the hornet.
The hornet is moderately wounded.
The hornet stings you!
* * * LOW HITPOINT WARNING * * *
You are poisoned.
You feel as though you will be slow longer.
The hornet stings you!
* * * LOW HITPOINT WARNING * * *
You are more poisoned.
You feel as though you will be slow longer.
The hornet stings you!
You die...

#.####.# #(# #.#
#.# ##.####.#
#.### #.†...#.#
##... ##.##.#.#
##...## #......#
.....# #.##.###
.r.#
#.#...########y#
###.#.).........@#
#.......########.#
#.....### #+#
#.....# #.....##
.......# .##.#...#
..........
.##.#...###


You could see a hornet and a quokka.

Vanquished Creatures
  Pikel (D:4)
  Sigmund (D:3)
  A bombardier beetle (D:3)
  2 hounds (D:4)
  Terence (D:2)
  3 gnolls (D:3)
  6 adders
  A dart slug (D:2)
  4 ribbon worms
  3 ball pythons
  4 endoplasms
  3 giant cockroaches
  2 hobgoblins (D:1)
  A quokka (D:2)
  6 bats
  A frilled lizard (D:2)
  5 goblins
  A kobold (D:3)
  3 rats
49 creatures vanquished.

Notes
Turn   | Place    | Note
-------+----------+-------------------------------------------
     0 | D:1      | Marvel the Hill Orc Fighter began the quest for the Orb.
     0 | D:1      | Reached XP level 1. HP: 19/19 MP: 1/1
   270 | D:1      | Reached XP level 2. HP: 27/27 MP: 2/2
   558 | D:1      | Found a faded altar of an unknown god.
   718 | D:2      | Reached skill level 3 in Axes
   722 | D:2      | Reached XP level 3. HP: 32/33 MP: 3/3
   732 | D:2      | Found Ivif's Antique Armour Boutique.
   830 | D:2      | Noticed Terence
   839 | D:2      | Killed Terence
   840 | D:2      | Reached XP level 4. HP: 32/40 MP: 4/4
  1137 | D:2      | Found a basalt altar of Yredelemnul.
  1264 | D:3      | Reached skill level 4 in Axes
  1346 | D:3      | Reached XP level 5. HP: 11/46 MP: 5/5
  1347 | D:3      | Reached skill level 1 in Dodging
  1518 | D:3      | Noticed Sigmund
  1522 | D:3      | Reached skill level 5 in Axes
  1543 | D:3      | Killed Sigmund
  1544 | D:3      | Reached skill level 6 in Axes
  1544 | D:3      | Reached XP level 6. HP: 21/53 MP: 6/6
  2258 | D:4      | Noticed Pikel
  2274 | D:4      | Killed Pikel
  2275 | D:4      | Reached skill level 5 in Fighting
  2275 | D:4      | Reached skill level 8 in Axes
  2275 | D:4      | Reached skill level 5 in Armour
  2275 | D:4      | Reached XP level 7. HP: 26/61 MP: 7/7
  2426 | D:4      | Reached XP level 8. HP: 59/69 MP: 8/8
  2511 | D:4      | Noticed a hornet
  2518 | D:4      | Slain by a hornet

Illustrated notes

Levels and vault maps discovered:
D:1:      mrwooster_arrival_arrow, layout_loops_ring,
          ebering_ecumenical_altar_mist
D:2:      layout_basic, serial_shops,
          nicolae_shop_temple_entry_statues_fountains, basic_altar,
          st_stairs_14, nicolae_underground_beach, uniq_terence
D:3:      layout_basic, uniq_sigmund
D:4:      layout_loops_corners, uniq_pikel, uniq_grinder, uniq_duvessa,
          uniq_eustachio

Skill      XL: |  1  2  3  4  5  6 |
---------------+-------------------+-----
Fighting       | 4 5 |  5.5
Axes           | 3 4 6 8 |  8.1
Armour         | 4 5 |  5.4
Dodging        | 1 |  1.6
Shields        | 4 |  4.4
Stealth        | |  0.4

Action                     |  1- 3 |  4- 6 |  7- 9 || total
---------------------------+-------+-------+-------++-------
  Melee: War axe           |    53 |   116 |    17 ||   186
    Use: Potion            |       |     1 |     2 ||     3
 Armour: Scale mail        |    48 |    87 |    21 ||   156
  Dodge: Dodged            |    30 |    46 |     9 ||    85
  Block: Buckler           |    14 |    35 |     4 ||    53
